SAAA
SCRANTON SUPERNOVAS @ BANGOR TRIDENT BASE OGRES
05/19/2017
 
TOP OF THE 1ST
Scranton Supernovas batting - Pitching for Bangor Trident Base Ogres : RHP Jeff Reynolds
Pitching: RHP Jeff Reynolds
Batting: RHB Ryan Simpson 0-0: Ball
1-0: Foul Ball, location: 2F
1-1: Foul Ball, location: 2F
1-2: Strikes out looking
Batting: RHB Sergio Canales 0-0: Called Strike
0-1: Ball
1-1: SINGLE (Groundball, 6MD)
Batting: RHB Michael Messer 0-0: Ball
1-0: Called Strike
1-1: Ball
2-1: SINGLE (Line Drive, 7S)
Sergio Canales to second
Batting: RHB Jerome Wilson 0-0: Ball
1-0: Called Strike
1-1: Swinging Strike
1-2: Fielders Choice at 2nd, 5-4 (Groundball, 56)
Sergio Canales to third
Batting: LHB Sébastien Rolland 0-0: Ball
1-0: Called Strike
1-1: Ball
2-1: Ball
3-1: Foul Ball, location: 2F
3-2: SINGLE (Line Drive, 5L)
Sergio Canales scores
Jerome Wilson to second
Jerome Wilson to third
Batting: RHB Phil Fleming 0-0: Ball
1-0: Foul Ball, location: 2F
1-1: Ball
2-1: Foul Ball, location: 2F
2-2: Strikes out swinging
Top of the 1st over - 1 run(s), 3 hit(s), 0 error(s), 2 left on base; Scranton 1 - Bangor Trident Base 0
BOTTOM OF THE 1ST
Bangor Trident Base Ogres batting - Pitching for Scranton Supernovas : LHP Felipe Gutiérrez
Pitching: LHP Felipe Gutiérrez
Batting: LHB Don Sullivan 0-0: Ball
1-0: Ball
2-0: Called Strike
2-1: Ball
3-1: Fly out, F7 (Line Drive, 7LM)
Batting: RHB Tyrone Graham 0-0: Ball
1-0: Swinging Strike
1-1: Foul Ball, location: 2F
1-2: Ball
2-2: Ball
3-2: Foul Ball, location: 2F
3-2: Foul Ball, location: 2F
3-2: Strikes out looking
Batting: RHB Zach King 0-0: Called Strike
0-1: Ball
1-1: Ground out 6-3 (Groundball, 6)
Bottom of the 1st over - 0 run(s), 0 hit(s), 0 error(s), 0 left on base; Scranton 1 - Bangor Trident Base 0
TOP OF THE 2ND
Scranton Supernovas batting - Pitching for Bangor Trident Base Ogres : RHP Jeff Reynolds
Batting: RHB Gus Gibbs 0-0: Called Strike
0-1: Ball
1-1: Ball
2-1: Foul Ball, location: 2F
2-2: Foul Ball, location: 2F
2-2: Strikes out swinging
Batting: RHB Matt Brown 0-0: Ground out 3-1 (Groundball, 3)
Batting: LHB Mark Evans 0-0: Called Strike
0-1: Ball
1-1: Ball
2-1: Swinging Strike
2-2: Strikes out swinging
Top of the 2nd over - 0 run(s), 0 hit(s), 0 error(s), 0 left on base; Scranton 1 - Bangor Trident Base 0
BOTTOM OF THE 2ND
Bangor Trident Base Ogres batting - Pitching for Scranton Supernovas : LHP Felipe Gutiérrez
Batting: RHB Walt Richard 0-0: Called Strike
0-1: Ball
1-1: Ball
2-1: Ball
3-1: Called Strike
3-2: Strikes out swinging
Batting: RHB Stan Hughes 0-0: Ball
1-0: Ball
2-0: Called Strike
2-1: Fly out, F9 (Flyball, 9M)
Batting: LHB Kevin Sims 0-0: Ball
1-0: Called Strike
1-1: Swinging Strike
1-2: Strikes out swinging
Bottom of the 2nd over - 0 run(s), 0 hit(s), 0 error(s), 0 left on base; Scranton 1 - Bangor Trident Base 0
TOP OF THE 3RD
Scranton Supernovas batting - Pitching for Bangor Trident Base Ogres : RHP Jeff Reynolds
Batting: RHB Ryan Simpson 0-0: Called Strike
0-1: Ball
1-1: Ball
2-1: Ball
3-1: Called Strike
3-2: Foul Ball, location: 2F
3-2: DOUBLE (Line Drive, 78M)
Batting: RHB Sergio Canales 0-0: Ball
Ryan Simpson is caught stealing 3rd base
1-0: Ball
2-0: Fly out, F8 (Flyball, 8RM)
Batting: RHB Michael Messer 0-0: Fly out, F5 (Line Drive, 56)
Top of the 3rd over - 0 run(s), 1 hit(s), 0 error(s), 0 left on base; Scranton 1 - Bangor Trident Base 0
BOTTOM OF THE 3RD
Bangor Trident Base Ogres batting - Pitching for Scranton Supernovas : LHP Felipe Gutiérrez
Batting: RHB Mike Alford 0-0: Ball
1-0: DOUBLE (Line Drive, 7LM)
Batting: LHB Jerome Perry 0-0: Ball
1-0: Ground out U3 (Groundball, 3L)
Mike Alford to third
Batting: RHB Michael Rogers 0-0: Ball
1-0: Foul Ball, location: 2F
1-1: Swinging Strike
1-2: Ball
2-2: Strikes out swinging
Batting: LHB Don Sullivan 0-0: Called Strike
0-1: Fly out, F5 (Popup, 5DF)
Bottom of the 3rd over - 0 run(s), 1 hit(s), 0 error(s), 1 left on base; Scranton 1 - Bangor Trident Base 0
TOP OF THE 4TH
Scranton Supernovas batting - Pitching for Bangor Trident Base Ogres : RHP Jeff Reynolds
Batting: RHB Jerome Wilson 0-0: Ball
1-0: Called Strike
1-1: Called Strike
1-2: Strikes out looking
Batting: LHB Sébastien Rolland 0-0: Called Strike
0-1: Ball
1-1: Swinging Strike
1-2: Strikes out swinging
Batting: RHB Phil Fleming 0-0: Foul Ball, location: 2F
0-1: Ball
1-1: Foul Ball, location: 2F
1-2: Ball
2-2: Foul Ball, location: 2F
2-2: Foul Ball, location: 2F
2-2: Foul Ball, location: 2F
2-2: Strikes out swinging
Top of the 4th over - 0 run(s), 0 hit(s), 0 error(s), 0 left on base; Scranton 1 - Bangor Trident Base 0
BOTTOM OF THE 4TH
Bangor Trident Base Ogres batting - Pitching for Scranton Supernovas : LHP Felipe Gutiérrez
Batting: RHB Tyrone Graham 0-0: Foul Ball, location: 2F
0-1: Ball
1-1: Ball
2-1: SOLO HOME RUN (Flyball, 9D), Distance : 398 ft
Batting: RHB Zach King 0-0: Called Strike
0-1: Ball
1-1: Ball
2-1: Hit by Pitch
Pitching: LHP Mitch Bowman
Pinch Runner at 1st Chris Law:
Batting: RHB Walt Richard Pickoff Throw to First - Out!
0-0: Called Strike
0-1: Ball
1-1: Fly out, F6 (Line Drive, 6)
Batting: RHB Stan Hughes 0-0: Fly out, F3 (Popup, 3S)
Bottom of the 4th over - 1 run(s), 1 hit(s), 0 error(s), 0 left on base; Scranton 1 - Bangor Trident Base 1
TOP OF THE 5TH
Scranton Supernovas batting - Pitching for Bangor Trident Base Ogres : RHP Jeff Reynolds
Now in LF: Chris Law
Batting: RHB Gus Gibbs 0-0: Ball
1-0: Called Strike
1-1: Swinging Strike
1-2: Ball
2-2: Strikes out swinging
Batting: RHB Matt Brown 0-0: Foul Ball, location: 2F
0-1: Ball
1-1: Ground out 4-3 (Groundball, 4)
Batting: LHB Mark Evans 0-0: Called Strike
0-1: Swinging Strike
0-2: Strikes out swinging
Top of the 5th over - 0 run(s), 0 hit(s), 0 error(s), 0 left on base; Scranton 1 - Bangor Trident Base 1
BOTTOM OF THE 5TH
Bangor Trident Base Ogres batting - Pitching for Scranton Supernovas : LHP Mitch Bowman
Batting: LHB Kevin Sims 0-0: Ball
1-0: Foul Ball, location: 2F
1-1: Ball
2-1: DOUBLE (Flyball, 89XD)
Pinch Runner at 2nd Dewey McClellan:
Batting: RHB Mike Alford 0-0: Swinging Strike
0-1: Foul Ball, location: 2F
0-2: Foul Ball, location: 2F
0-2: Strikes out looking
Batting: LHB Jerome Perry 0-0: Swinging Strike
0-1: Ball
1-1: Fly out, F6 (Popup, 7S)
Batting: RHB Michael Rogers 0-0: Foul Ball, location: 2F
0-1: Ball
1-1: Ball
2-1: DOUBLE (Flyball, 89M)
Dewey McClellan scores
Batting: LHB Don Sullivan 0-0: Ball
1-0: SINGLE (Groundball, 34D)
Michael Rogers to third
Runner from 3rd tries for Home, SAFE, no throw or cutoff
Batting: RHB Tyrone Graham 0-0: Called Strike
0-1: Ground out 4-3 (Groundball, 4)
Bottom of the 5th over - 2 run(s), 3 hit(s), 0 error(s), 1 left on base; Scranton 1 - Bangor Trident Base 3
TOP OF THE 6TH
Scranton Supernovas batting - Pitching for Bangor Trident Base Ogres : RHP Jeff Reynolds
Batting: RHB Ryan Simpson 0-0: Ball
1-0: Ball
2-0: Called Strike
2-1: Ball
3-1: Base on Balls
Batting: RHB Sergio Canales 0-0: Ball
1-0: Bunted foul
1-1: Ball
2-1: Bunt - Flyout! F1
Batting: RHB Michael Messer 0-0: Called Strike
0-1: Ball
1-1: Foul Ball, location: 2F
1-2: Grounds into double play, 6-4-3 (Groundball, 6)
Top of the 6th over - 0 run(s), 0 hit(s), 0 error(s), 0 left on base; Scranton 1 - Bangor Trident Base 3
BOTTOM OF THE 6TH
Bangor Trident Base Ogres batting - Pitching for Scranton Supernovas : LHP Mitch Bowman
Pitching: RHP Dan Grant
Batting: LHB Chris Law 0-0: SINGLE (Groundball, 34D) (infield hit)
Batting: RHB Walt Richard 0-0: Called Strike
0-1: Ball
1-1: Ball
2-1: SINGLE (Groundball, 6MD)
Chris Law to second
Batting: RHB Stan Hughes 0-0: Fly out, F8 (Flyball, 8LS)
Batting: RHB Dewey McClellan 0-0: Called Strike
0-1: Ball
1-1: Fly out, F7 (Flyball, 7M)
Batting: RHB Mike Alford 0-0: Ball
1-0: Foul Ball, location: 2F
1-1: Foul Ball, location: 2F
1-2: Ball
2-2: Fielders Choice at 2nd, 5-4 (Groundball, 56)
Bottom of the 6th over - 0 run(s), 2 hit(s), 0 error(s), 1 left on base; Scranton 1 - Bangor Trident Base 3
TOP OF THE 7TH
Scranton Supernovas batting - Pitching for Bangor Trident Base Ogres : RHP Jeff Reynolds
Batting: RHB Jerome Wilson 0-0: Ball
1-0: Ball
2-0: Called Strike
2-1: Called Strike
2-2: Strikes out looking
Batting: LHB Sébastien Rolland 0-0: Ball
1-0: Ground out 3-1 (Groundball, 34)
Batting: RHB Phil Fleming 0-0: Foul Ball, location: 2F
0-1: Ball
1-1: Bunted foul
1-2: SINGLE (Flyball, 8RS)
Batting: RHB Gus Gibbs 0-0: Foul Ball, location: 2F
0-1: Foul Ball, location: 2F
0-2: Ball
1-2: Ball
2-2: Ball
3-2: Strikes out swinging
Top of the 7th over - 0 run(s), 1 hit(s), 0 error(s), 1 left on base; Scranton 1 - Bangor Trident Base 3
BOTTOM OF THE 7TH
Bangor Trident Base Ogres batting - Pitching for Scranton Supernovas : RHP Dan Grant
Batting: LHB Jerome Perry 0-0: Ball
1-0: Foul Ball, location: 2F
1-1: Swinging Strike
1-2: Ball
2-2: Foul Ball, location: 2F
2-2: Strikes out looking
Batting: RHB Michael Rogers 0-0: Ball
1-0: Ball
2-0: Fly out, F6 (Popup, 6)
Batting: LHB Don Sullivan 0-0: Ball
1-0: Ground out 6-3 (Groundball, 6)
Bottom of the 7th over - 0 run(s), 0 hit(s), 0 error(s), 0 left on base; Scranton 1 - Bangor Trident Base 3
TOP OF THE 8TH
Scranton Supernovas batting - Pitching for Bangor Trident Base Ogres : RHP Jeff Reynolds
Batting: RHB Matt Brown 0-0: Ball
1-0: Foul Ball, location: 2F
1-1: Foul Ball, location: 2F
1-2: Foul Ball, location: 2F
1-2: Ball
2-2: Foul Ball, location: 2F
2-2: Foul Ball, location: 2F
2-2: Fly out, F8 (Flyball, 8LM)
Pitching: RHP Bobby Davis
Batting: LHB Mark Evans 0-0: Swinging Strike
0-1: Called Strike
0-2: Ball
1-2: Strikes out swinging
Batting: RHB Ryan Simpson 0-0: Foul Ball, location: 2F
0-1: Ball
1-1: Called Strike
1-2: Foul Ball, location: 2F
1-2: Ball
2-2: Ball
3-2: Foul Ball, location: 2F
3-2: Fly out, F9 (Line Drive, 89M)
Top of the 8th over - 0 run(s), 0 hit(s), 0 error(s), 0 left on base; Scranton 1 - Bangor Trident Base 3
BOTTOM OF THE 8TH
Bangor Trident Base Ogres batting - Pitching for Scranton Supernovas : RHP Dan Grant
Pitching: LHP Jason Dudley
Batting: RHB Tyrone Graham 0-0: Foul Ball, location: 2F
0-1: Ball
1-1: Ball
2-1: Swinging Strike
2-2: Ground out 6-3 (Groundball, 6M)
Batting: LHB Chris Law 0-0: Ball
1-0: Ball
2-0: Called Strike
2-1: Ground out 4-3 (Groundball, 34)
Batting: RHB Walt Richard 0-0: Foul Ball, location: 2F
0-1: Foul Ball, location: 2F
0-2: DOUBLE (Groundball, 5L)
Batting: RHB Stan Hughes 0-0: Called Strike
0-1: Ball
1-1: Foul Ball, location: 2F
1-2: Ball
2-2: DOUBLE (Groundball, 5L)
Walt Richard scores
Batting: RHB Dewey McClellan 0-0: Ball
1-0: SINGLE (Groundball, 6MD)
Stan Hughes to third
Runner from 3rd tries for Home, SAFE, throw made home
Pitching: RHP Clinton Anderson
Batting: RHB Mike Alford 0-0: Called Strike
0-1: Called Strike
0-2: Ball
1-2: Fly out, F7 (Popup, 78S)
Bottom of the 8th over - 2 run(s), 3 hit(s), 0 error(s), 1 left on base; Scranton 1 - Bangor Trident Base 5
TOP OF THE 9TH
Scranton Supernovas batting - Pitching for Bangor Trident Base Ogres : RHP Bobby Davis
Batting: RHB Sergio Canales 0-0: Ground out 5-3 (Groundball, 56)
Batting: RHB Michael Messer 0-0: Ball
1-0: Ball
2-0: Ground out 6-3 (Groundball, 6M)
Batting: RHB Jerome Wilson 0-0: Ball
1-0: SINGLE (Flyball, 34D)
Batting: LHB Sébastien Rolland 0-0: Ball
1-0: Ball
2-0: Called Strike
2-1: Ball
3-1: SINGLE (Flyball, 8RS)
Jerome Wilson to second
Throwing error, E8
Jerome Wilson scores
Sébastien Rolland to second
Pitching: RHP Mike Farrell
Batting: RHB Phil Fleming 0-0: Ball
1-0: Ground out 1-3 (Groundball, 13)
Top of the 9th over - 1 run(s), 2 hit(s), 1 error(s), 1 left on base; Scranton 2 - Bangor Trident Base 5
This league is powered by Out of the Park Baseball, the baseball management simulation game for PC, Mac and Linux
Saturday, February 27th, 2021 - OOTP Baseball 15.6 Build 34